 Dungeon Crawl Stone Soup version 0.26-a0-646-g5d7718319a (webtiles) character file.

Game seed: 8229213687109833315

91 DogServant the Caller (level 4, 10/26 HPs)
             Began as a Tengu Summoner on Sept 24, 2020.
             Quit the game on level 4 of the Dungeon.
             The game lasted 00:06:01 (3612 turns).

DogServant the Caller (Tengu Summoner)              Turns: 3612, Time: 00:06:01

Health: 10/26      AC:  2    Str:  9    XL:     4   Next: 57%
Magic:  7/9        EV: 12    Int: 16    God:
Gold:   122        SH:  0    Dex: 14    Spells: 7/8 levels left

rFire    . . .     SeeInvis .   n - +0 hunting sling
rCold    . . .     Faith    .   (no shield)
rNeg     . . .     Spirit   .   a - +0 robe
rPois    .         Reflect  .   (helmet restricted)
rElec    .         Harm     .   (no cloak)
rCorr    .         Rampage  .   (no gloves)
MR       .....                  (boots unavailable)
Stlth    ++........             (no amulet)
HPRegen  0.08/turn              (no ring)
MPRegen  0.11/turn              (no ring)

@: about to teleport
A: beak, talons 3
a: no special abilities


You were on level 4 of the Dungeon.
You visited 1 branch of the dungeon, and saw 4 of its levels.

You collected 122 gold pieces.

Inventory:

Hand Weapons
 b - a +0 dagger
 n - a +0 hunting sling (weapon)
Missiles
 o - 65 stones (quivered)
 u - 24 bolts
 w - 89 sling bullets
Armour
 a - a +0 robe (worn)
 q - a +1 ring mail of poison resistance
Jewellery
 p - an uncursed ring of flight {unknown}
Scrolls
 d - 3 scrolls of remove curse
 e - 2 scrolls of teleportation
 f - a scroll of blinking {unknown}
 j - a scroll of identify {unknown}
 l - a scroll of enchant armour {unknown}
 r - 2 scrolls of amnesia {unknown}
 s - a scroll of fear {unknown}
Potions
 g - a potion of curing {unknown}
 h - a potion of berserk rage {unknown}
 i - a potion of might {unknown}
 k - a potion of haste {unknown}
 m - a potion of lignification {unknown}
 t - a potion of invisibility {unknown}
 v - a potion of cancellation {unknown}


   Skills:
 + Level 2.1 Fighting
 - Level 2.1 Dodging
 - Level 2.0 Stealth
 + Level 2.9 Spellcasting
 + Level 5.6 Summonings


You had 7 spell levels left.
You knew the following spells:

 Your Spells              Type           Power        Failure   Level
a - Summon Small Mammal   Summ           ###.         1%          1

Your spell library contained the following spells:

 Spells                   Type           Power        Failure   Level
 Call Imp                 Summ           ###.....     2%          2
 Call Canine Familiar     Summ           ###.....     5%          3
 Summon Guardian Golem    Hex/Summ       ##......     19%         3
 Summon Ice Beast         Ice/Summ       ##......     52%         4
 Summon Lightning Spire   Summ/Air       ##......     52%         4


Dungeon Overview and Level Annotations

Branches:
Dungeon (4/15)
 Temple: D:4-7

Altars:


Innate Abilities, Weirdness & Mutations

You have a beak for a mouth.
You have claws for feet.


Message History

The stone closely misses the orc priest.
The orc hits you with a +0 dagger. The orc hits you with a +0 falchion!
* * * LOW HITPOINT WARNING * * *
Your rat misses the orc priest.
The howler monkey zombie barely misses you.
The orc priest hits your rat with a +0 hand axe!
Your rat dies!
Your rat's corpse disappears in a puff of smoke!
The orc priest barely misses you. The orc hits you with a +0 dagger.
* * * LOW HITPOINT WARNING * * *
The orc priest shouts!
You feel much better. The orc closely misses you.
The howler monkey zombie hits you. The orc priest misses you.
The orc hits you with a +0 dagger.
As you read the scroll labeled JETWIP MOPRA, it crumbles to dust.
You feel strangely unstable.
It was a scroll of teleportation.
The orc misses you.
The howler monkey zombie barely misses you.
The orc priest closely misses you. The orc hits you with a +0 dagger.
Are you sure you want to abandon this character and quit the game? (Confirm with "yes".)

## .. #o # #. #.
#. #.[#(##
#...o####
#..oo@Z.+
....o..o##Z......
####.#.## .##....
# ## .. ... Z.. .
..8. ..... ......


You could see an orc priest, 4 orcs, a bullfrog zombie (wandering) and a howler
monkey zombie.

Vanquished Creatures
  An adder (D:3)
  An ooze (D:3)
  A worm (D:2)
  A dart slug (D:1)
  A leopard gecko (D:3)
  A ball python (D:2)
  6 bats
  4 giant cockroaches
  5 goblins
  10 hobgoblins
  A jackal (D:2)
  4 frilled lizards
  3 kobolds (D:1)
  3 rats (D:1)
42 creatures vanquished.

Vanquished Creatures (collateral kills)
  2 adders
  2 dart slugs (D:1)
  4 bats
  A giant cockroach (D:2)
  A goblin (D:1)
  2 hobgoblins
  A jackal (D:2)
  A ball python (D:1)
  4 frilled lizards
18 creatures vanquished.

Grand Total: 60 creatures vanquished

Notes
Turn   | Place    | Note
-------+----------+-------------------------------------------
     0 | D:1      | DogServant the Tengu Summoner began the quest for the Orb.
     0 | D:1      | Reached XP level 1. HP: 10/10 MP: 4/4
    47 | D:1      | Reached skill level 5 in Summonings
    52 | D:1      | Reached XP level 2. HP: 7/16 MP: 4/6
   488 | D:1      | Reached skill level 1 in Fighting
   844 | D:1      | Reached XP level 3. HP: 16/20 MP: 4/7
  2095 | D:3      | Reached XP level 4. HP: 26/26 MP: 9/9
  3612 | D:4      | Quit the game

Illustrated notes

Levels and vault maps discovered:
D:1:      scummos_arrival_star, layout_rooms
D:2:      layout_basic
D:3:      layout_basic
D:4:      layout_loops_corners, nicolae_overflow_hidden_temple, serial_undead,
          serial_undead_c, serial_undead_e, serial_undead_d, serial_undead_e,
          serial_undead_a, serial_undead_d, serial_undead_b, serial_undead_e,
          serial_undead_c, serial_undead_e, corexii_corridor_pit

Skill      XL: |  1  2  3  4 |
---------------+-------------+-----
Summonings     | 5 |  5.6
Fighting       | 1 2 |  2.1
Dodging        | |  2.1
Stealth        | |  2.0
Spellcasting   | |  2.9

Action                   |  1- 3 |  4- 6 || total
-------------------------+-------+-------++-------
Melee: Dagger            |    70 |       ||    70
       Kick              |    12 |       ||    12
       Peck              |     4 |       ||     4
 Fire: Hunting sling     |    32 |    65 ||    97
 Cast: Summon Small Mamm |    25 |     6 ||    31
  Use: Scroll            |     2 |     1 ||     3
       Potion            |       |     2 ||     2
 Stab: Sleeping          |     3 |       ||     3
Armor: Robe              |    32 |     2 ||    34
Dodge: Dodged            |    70 |    32 ||   102

Table legend: (Time is in decaauts)
 A = Elapsed time spent in this place.
 B = Non-inter-level travel time spent in this place.
 C = Inter-level travel time spent in this place.
 D = Time resting spent in this place.
 E = Time spent auto-exploring this place.
 F = Levels seen in this place.
 G = Mean time per level.
                   A        B        C        D        E       F      G
               +--------+--------+--------+--------+--------+-----+--------+
         Total |   3632 |   3442 |    190 |    845 |   2139 |   4 |  908.0 |
       Dungeon |   3632 |   3442 |    190 |    845 |   2139 |   4 |  908.0 |
               +--------+--------+--------+--------+--------+-----+--------+

Top non-repeatable levels by time:
     D:3: 1382 daAuts
     D:1: 1313 daAuts
     D:2: 920 daAuts
     D:4: 16 daAuts
